 Dungeon Crawl Stone Soup version 0.24.1-4-ge52af88ad5 (console) character file.

Game seed: 537162175904562397, levelgen mode: deterministic

11900 Kloppie the Slicer (level 12, -2/82 HPs)
             Began as a Halfling Fighter on Apr 13, 2020.
             Was a Priest of Makhleb.
             Slain by a seven-headed hydra (4 damage)
             ... on level 3 of the Lair of Beasts.
             The game lasted 00:25:40 (14440 turns).

Kloppie the Slicer (Halfling Fighter)              Turns: 14440, Time: 00:25:41

Health: -2/82      AC: 20    Str: 21    XL:     12   Next: 13%
Magic:  12/12      EV: 16    Int:  6    God:    Makhleb [***...]
Gold:   814        SH:  8    Dex: 20    Spells: 11/11 levels left

rFire    . . .     SeeInvis .   a - +5 flail (protect)
rCold    . . .     Gourm    .   J - +0 buckler
rNeg     + . .     Faith    .   z - +1 scale mail {rPois}
rPois    +         Spirit   .   (no helmet)
rElec    .         Reflect  .   r - +0 cloak
rCorr    .         Harm     .   D - +2 pair of gloves
MR       .....                  (no boots)
Stlth    +.........             (no amulet)
HPRegen  0.23/turn              q - ring of positive energy
MPRegen  0.13/turn              (no ring)

@: agile, protection aura
A: small, mutation resistance 1
a: Minor Destruction, Lesser Servant of Makhleb, Renounce Religion


You were on level 3 of the Lair of Beasts.
You worshipped Makhleb.
Makhleb was most pleased with you.
You were hungry.

You visited 3 branches of the dungeon, and saw 13 of its levels.
You also visited: Sewer and Volcano.

You collected 814 gold pieces.

Inventory:

Hand Weapons
 a - a +5 flail of protection (weapon)
 b - a +0 rapier
Armour
 c - a +0 shield
 r - a +0 cloak (worn)
 s - a +0 chain mail
 z - a +1 scale mail of poison resistance (worn)
 D - a +2 pair of gloves (worn)
 J - a +0 buckler (worn)
Jewellery
 m - an uncursed ring of stealth {unknown}
 q - a ring of positive energy (left hand)
 B - an uncursed ring of wizardry
 F - an uncursed ring of poison resistance {unknown}
Wands
 e - a wand of flame (16)
 A - a wand of random effects (30)
 E - a wand of polymorph (7)
 L - a wand of disintegration (11)
Scrolls
 d - a scroll of noise {unknown}
 g - 4 scrolls of teleportation
 l - a scroll of immolation {unknown}
 n - 2 scrolls of magic mapping
 o - 3 scrolls of amnesia
 v - 2 scrolls of blinking
 w - 4 scrolls of remove curse
 y - 3 scrolls of identify
 H - a scroll of silence {unknown}
 I - 4 scrolls of enchant armour
 K - a scroll of fear
Potions
 h - 7 potions of flight
 i - a potion of agility
 j - 3 potions of lignification
 k - a potion of resistance
 p - 2 potions of haste
 t - a potion of magic {unknown}
 u - 2 potions of brilliance {unknown}
 x - a potion of cancellation {unknown}
 C - 2 potions of degeneration {unknown}
 G - 2 potions of mutation {unknown}
Comestibles
 f - 23 rations


   Skills:
 - Level 8.1 Fighting
 - Level 14.0 Short Blades
 + Level 5.0 Maces & Flails
 - Level 6.6 Armour
 - Level 9.9 Shields


You had 11 spell levels left.
You didn't know any spells.
Your spell library was empty.

Dungeon Overview and Level Annotations

Branches:
Dungeon (9/15)             Temple (1/1) D:6            Lair (3/6) D:8
    Orc (0/2) D:9           Sewer (visited)         Volcano (visited)
  Swamp: Lair:2-4    Shoals: Lair:2-4     Snake: Lair:2-4    Spider: Lair:2-4

Altars:
Ashenzari
Cheibriados
Dithmenos
Elyvilon
Fedhas
Gozag
Hepliaklqana
Kikubaaqudgha
Makhleb
Nemelex Xobeh
Okawaru
Qazlal
Ru
Sif Muna
Trog
Uskayaw
Vehumet
Wu Jian
Xom
Yredelemnul
Zin
The Shining One

Shops:
D:4 *

Annotations:
D:7 1 runed translucent door, lysyklops's ghost, novice DrBe


Innate Abilities, Weirdness & Mutations

You are small and have problems with some larger weapons.
You are somewhat resistant to further mutation.


Message History

The seven-headed hydra is heavily wounded.
A spiny frog comes into view.
You block the seven-headed hydra's attack.
The seven-headed hydra bites you!
* * * LOW HITPOINT WARNING * * *
The seven-headed hydra barely misses you.
The seven-headed hydra closely misses you.
The seven-headed hydra bites you!
* * * LOW HITPOINT WARNING * * *
The seven-headed hydra closely misses you.
The seven-headed hydra bites you but does no damage.
You barely miss the seven-headed hydra.
The seven-headed hydra is heavily wounded.
The seven-headed hydra closely misses you.
The seven-headed hydra bites you but does no damage.
The seven-headed hydra closely misses you.
The seven-headed hydra bites you.
* * * LOW HITPOINT WARNING * * *
The seven-headed hydra bites you.
You die...

...... ........ .........
##.........................
#.P..[...........F......... .
#..........................
..##.........................
........................(....
.............................
............D...............P
............@..............##
##PP.......................#
####............##......###
######PP###.###..P.#P# ####
####.####### ##


You could see a seven-headed hydra and a spiny frog (wandering).

Vanquished Creatures
  A skeletal warrior (Volcano)
  An elephant (D:8)
  2 spiny frogs
  2 gargoyles (Volcano)
  4 blink frogs
  A harpy skeleton (Volcano)
  3 hippogriffs
  3 flying skulls (Volcano)
  An alligator skeleton (Volcano)
  7 yaks
  Sigmund (D:4)
  A human (D:7)
  4 hogs
  2 wyverns
  A steam dragon (Lair:2)
  A hungry ghost (D:9)
  2 basilisks
  Edmund (D:4)
  6 water moccasins
  2 porcupines
  Purgy (Sewer)
  2 ice beasts
  A black bear (Lair:1)
  4 phantoms
  2 ogres (D:5)
  3 centaurs
  9 crocodiles
  8 bullfrogs
  A big kobold (D:6)
  Blork the orc (D:4)
  A scorpion (D:9)
  2 troll zombies (D:9)
  4 killer bees (D:7)
  A troll skeleton (Volcano)
  An electric eel (Lair:1)
  2 centaur zombies
  2 spriggan skeletons (Volcano)
  2 crimson imps
  A quasit (D:6)
  2 bullfrog zombies (D:5)
  A hound (D:9)
  5 orc priests
  2 centaur skeletons
  2 iguanas
  Crazy Yiuf (D:3)
  A bullfrog skeleton (D:4)
  3 orc wizards
  10 worker ants
  6 ogre zombies (D:9)
  A naga skeleton (Volcano)
  A hound skeleton (D:6)
  A worker ant zombie (D:6)
  8 gnolls
  12 adders
  A shadow imp (D:6)
  2 adder zombies
  An adder skeleton (D:5)
  3 worms (D:3)
  2 dart slugs
  2 leopard geckos
  23 orcs
  7 bats
  7 giant cockroaches
  8 goblins
  7 hobgoblins
  11 jackals
  2 quokkas
  7 ball pythons
  6 frilled lizards
  3 goblin zombies (D:9)
  2 hobgoblin skeletons (D:9)
  4 hobgoblin zombies (D:9)
  2 jackal skeletons
  9 kobolds
  3 orc skeletons (D:9)
  13 orc zombies (D:9)
  A quokka skeleton (D:4)
  10 rats
  A butterfly (Lair:2)
287 creatures vanquished.

Vanquished Creatures (others)
  A fungus (Lair:2)
  A plant (Lair:1)
2 creatures vanquished.

Grand Total: 289 creatures vanquished

Notes
Turn   | Place    | Note
-------+----------+-------------------------------------------
     0 | D:1      | Kloppie the Halfling Fighter began the quest for the Orb.
     0 | D:1      | Reached XP level 1. HP: 15/15 MP: 1/1
    84 | D:1      | Reached XP level 2. HP: 17/20 MP: 2/2
   128 | D:1      | Reached skill level 3 in Short Blades
   439 | D:1      | Reached XP level 3. HP: 25/25 MP: 3/3
  1463 | D:3      | Reached XP level 4. HP: 18/30 MP: 4/4
  1648 | D:3      | Reached skill level 4 in Short Blades
  2129 | D:3      | Found a runed translucent door.
  2130 | D:3      | Noticed Crazy Yiuf
  2298 | D:3      | Killed Crazy Yiuf
  2298 | D:3      | Reached XP level 5. HP: 35/35 MP: 5/5
  2351 | D:4      | Reached skill level 5 in Shields
  2403 | D:4      | Found a glowing drain.
  2439 | Sewer    | Entered a sewer
  2495 | Sewer    | Noticed Purgy
  2510 | Sewer    | Killed Purgy
  2510 | Sewer    | Reached skill level 5 in Short Blades
  2510 | Sewer    | Reached XP level 6. HP: 24/41 MP: 6/6
  2659 | D:4      | Found Mpsetuah's Merry Market.
  2682 | D:4      | Noticed Blork the orc
  2697 | D:4      | Killed Blork the orc
  3188 | D:4      | Noticed Edmund
  3218 | D:4      | HP: 2/41 [Edmund/+5 flail of protection (8)]
  3220 | D:4      | Killed Edmund
  3220 | D:4      | Reached skill level 6 in Short Blades
  3220 | D:4      | Reached XP level 7. HP: 2/45 MP: 7/7
  3464 | D:4      | Noticed Sigmund
  3468 | D:4      | Killed Sigmund
  3499 | D:5      | Entered Level 5 of the Dungeon
  3504 | D:5      | Reached skill level 7 in Short Blades
  3566 | D:5      | Reached XP level 8. HP: 51/51 MP: 8/8
  3774 | D:5      | Reached skill level 8 in Short Blades
  4468 | D:6      | Reached skill level 9 in Short Blades
  4494 | D:6      | Reached XP level 9. HP: 45/55 MP: 9/9
  4912 | D:6      | Found a staircase to the Ecumenical Temple.
  4937 | Temple   | Entered the Ecumenical Temple
  5018 | Temple   | Became a worshipper of Makhleb the Destroyer
  5639 | D:7      | Noticed lysyklops's ghost (novice DrBe)
  5641 | D:7      | Found a runed translucent door.
  5719 | D:7      | Found an ancient bone altar of Kikubaaqudgha.
  6477 | D:7      | Reached * piety under Makhleb
  6688 | D:6      | Reached skill level 5 in Fighting
  6938 | D:7      | Reached skill level 5 in Armour
  6938 | D:7      | Reached XP level 10. HP: 22/68 MP: 10/10
  7325 | D:8      | Noticed an elephant
  7680 | D:8      | Found a staircase to the Lair.
  7775 | D:8      | Reached skill level 10 in Short Blades
  7913 | D:8      | Killed an elephant
  8612 | D:9      | Reached skill level 11 in Short Blades
  8670 | D:9      | Reached ** piety under Makhleb
  8679 | D:9      | Found a staircase to the Orcish Mines.
  8938 | D:9      | Reached *** piety under Makhleb
  8942 | D:9      | Reached skill level 12 in Short Blades
  9100 | D:9      | Found a sacrificial altar of Ru.
  9368 | Lair:1   | Entered Level 1 of the Lair of Beasts
  9369 | Lair:1   | Noticed a spiny frog
  9640 | Lair:1   | Reached XP level 11. HP: 67/72 MP: 11/11
 10096 | Lair:1   | Reached skill level 13 in Short Blades
 10900 | Lair:2   | Reached skill level 14 in Short Blades
 10964 | Lair:2   | Found a dark tunnel.
 10972 | Volcano  | Entered a volcano
 11184 | Volcano  | Noticed a skeletal warrior
 11228 | Volcano  | Killed a skeletal warrior
 12160 | Lair:2   | Reached skill level 1 in Maces & Flails
 12836 | Lair:2   | Reached XP level 12. HP: 64/82 MP: 12/12
 14293 | Lair:3   | Reached skill level 5 in Maces & Flails
 14427 | Lair:3   | Noticed a seven-headed hydra
 14440 | Lair:3   | HP: 2/82 [seven-headed hydra (5)]
 14440 | Lair:3   | Slain by a seven-headed hydra

Levels and vault maps discovered:
D:1:      lemuel_arrival_behind_the_door_large, layout_basic,
          hangedman_decor_slide_cut, chequers_serial_rivers_marsh
D:2:      layout_basic, first_ration
D:3:      layout_rooms, uniq_crazy_yiuf_cottage
D:4:      layout_cave_pools, portal_sewer_entry_c, serial_bayou_pond_a,
          nicolae_alphabet_shops, sigmund_edmund_badplayer, uniq_blork_the_orc,
          uniq_edmund
D:5:      layout_basic, uniq_sigmund
D:6:      layout_layer_cave, minmay_temple_entry_overgrown
D:7:      wad_crossroads, layout_rooms, hellmonk_ghost_happy_afterlife,
          basic_altar, grunt_livestock
D:8:      layout_basic, david_lair_generic
D:9:      layout_rooms, lemuel_crystal_altar, zombieorc2_lemuel
Temple:   grunt_wide_crystal_templ
Lair:1:   layout_regular_city, minmay_holes, chequers_serial_rivers_micro_d,
          serial_bayou_lake_a
Lair:2:   layout_cave_pods, lightli_volcano_entry_magma_tube,
          beast_lair_carwin_3, lemuel_fruit_tree, lemuel_fruit_fields,
          serial_bayou_shore_b
Lair:3:   layout_gridlike, spider_nest_entry_rubble, grunt_megastairs_5

Skill      XL: |  1  2  3  4  5  6  7  8  9 10 11 12 |
---------------+-------------------------------------+-----
Short Blades   | 3 4 5 6 7 9 12 14 | 14.0
Shields        | 4 5 6 7 8 9 |  9.9
Fighting       | 5 6 8 |  8.1
Armour         | 5 6 |  6.6
Maces & Flails | 3 5 |  5.0

Action                   |  1- 3 |  4- 6 |  7- 9 | 10-12 || total
-------------------------+-------+-------+-------+-------++-------
Melee: Rapier            |   109 |   181 |       |   808 ||  1098
       Flail             |       |       |   366 |   178 ||   544
Evoke: Wand              |       |       |       |     1 ||     1
  Use: Potion            |       |     2 |     3 |    12 ||    17
       Scroll            |       |       |     8 |    13 ||    21
  Eat: Chunk             |     1 |     7 |     9 |    10 ||    27
       Ration            |       |       |     1 |     5 ||     6
Armor: Scale mail        |    37 |    41 |   239 |   288 ||   605
       Skin              |       |       |    27 |    16 ||    43
Dodge: Dodged            |    36 |    55 |   164 |   324 ||   579
Block: Shield            |    56 |    77 |   316 |   236 ||   685
       Buckler           |       |       |       |   124 ||   124
